 Dungeon Crawl Stone Soup version 0.18-a0-1778-gadce9fa (webtiles) character file.

191 epen the Sneak (level 5, -1/34 HPs)
             Began as an Octopode Assassin on Apr 16, 2016.
             Slain by a giant gecko (2 damage)
             ... on level 3 of the Dungeon.
             The game lasted 00:03:40 (2159 turns).

epen the Sneak (Octopode Assassin)                  Turns: 2159, Time: 00:03:40

Health: -1/34      AC:  1    Str: 10    XL:     5   Next: 70%
Magic:  5/5        EV: 13    Int: 14    God:
Gold:   72         SH:  0    Dex: 14    Spells: 0 memorised, 4 levels left

rFire  x . .     SeeInvis .     a - +2 dagger
rCold  + . .     Gourm    .     (no shield)
rNeg   . . .     Faith    .     (helmet restricted)
rPois  .         Spirit   .     (no amulet)
rElec  .         Dismiss  .     m - ring of ice
rCorr  .         Reflect  .     (no ring)
SustAt .         Harm     .     (no ring)
MR     .....                    (no ring)
Stlth  +++++.....               (no ring)
                                (no ring)
                                (no ring)
                                (no ring)

@: flying, not resistant to hostile enchantments, quite stealthy
A: almost no armour, amphibious, 8 rings, constrict 8, camouflage 1, gelatinous
body 1
a: no special abilities


You were on level 3 of the Dungeon.
You were not hungry.

You visited 1 branch of the dungeon, and saw 3 of its levels.

You collected 72 gold pieces.

Inventory:

Hand Weapons
 a - a +2 dagger (weapon)
 b - a +0 blowgun
Missiles
 c - 8 poisoned needles
 d - 2 curare-tipped needles
Jewellery
 m - a ring of ice (left tentacle)
Wands
 n - a wand of iceblast (7/15)
Scrolls
 l - a scroll of identify {unknown}
Potions
 e - a potion of heal wounds {unknown}
 h - a potion of cancellation {unknown}
 i - a potion of invisibility {unknown}
 j - a potion of flight
 p - a potion of curing {unknown}
Comestibles
 f - 3 bread rations
 g - 4 meat rations
 k - a slice of pizza
 o - a beef jerky


   Skills:
 - Level 2.0 Fighting
 * Level 4.0 Short Blades
 - Level 2.0 Throwing
 * Level 3.4 Dodging
 + Level 6.2 Stealth


You had 4 spell levels left.
You didn't know any spells.

Dungeon Overview and Level Annotations

Branches:
Dungeon (3/15)

Altars:
Gozag
Okawaru
Sif Muna

Annotations:
D:3 Robin


Innate Abilities, Weirdness & Mutations

You cannot wear most types of armour.
You are amphibious.
You can wear up to eight rings at the same time.
You can use your tentacles to constrict eight enemies at once.
Your skin changes colour to match your surroundings (Stealth).
Your rubbery body absorbs attacks (AC +1).


Message History

The worm is heavily wounded.
You constrict the worm. The worm barely misses you.
You hit the worm.
The worm is almost dead.
You constrict the worm. You hit the worm but do no damage.
The worm is almost dead.
You constrict the worm.
You kill the worm!
You miss the giant gecko. Your grab misses the giant gecko.
Your squeeze misses the giant gecko. The giant gecko bites you.
* * * LOW HITPOINT WARNING * * *
You closely miss the giant gecko. Your grab misses the giant gecko.
The giant gecko bites you.
* * * LOW HITPOINT WARNING * * *
Drink which item? (? for menu, Esc to quit)
It was a potion of flight.
You feel very buoyant.
You fly up into the air.
The giant gecko bites you.
You die...

#.# .#
#.# #.#
#.# #.#
#.# #.#
#.# #@#
#l# ...
.....
#......
#......#
#......#
#.......


You could see a giant gecko.

Vanquished Creatures
  An ogre (D:3)
  4 adders (D:2)
  2 worms
  A dart slug (D:1)
  3 giant geckos
  13 goblins
  10 hobgoblins
  4 jackals (D:2)
  A quokka (D:3)
  A ball python (D:2)
  5 bats
  A giant newt (D:3)
  3 kobolds
  8 rats
57 creatures vanquished.

Notes
Turn   | Place    | Note
--------------------------------------------------------------
     0 | D:1      | epen the Octopode Assassin began the quest for the Orb.
     0 | D:1      | Reached XP level 1. HP: 14/14 MP: 1/1
    97 | D:1      | Reached XP level 2. HP: 16/19 MP: 2/2
   579 | D:1      | Reached XP level 3. HP: 23/24 MP: 3/3
   839 | D:2      | Found an iron altar of Okawaru.
   877 | D:2      | Reached XP level 4. HP: 19/29 MP: 4/4
  1593 | D:3      | Found an opulent altar of Gozag.
  1896 | D:3      | Found a deep blue altar of Sif Muna.
  1942 | D:3      | Noticed Robin
  2133 | D:3      | Noticed an ogre
  2143 | D:3      | Killed an ogre
  2143 | D:3      | Reached skill level 6 in Stealth
  2143 | D:3      | Reached XP level 5. HP: 13/34 MP: 5/5
  2158 | D:3      | HP: 1/34 [giant gecko (1)]
  2159 | D:3      | Slain by a giant gecko

Vault maps used:
D:1:      mrwooster_arrival_statue_3
D:2:      hangedman_decor_points, okawaru_ov_weapons_minmay
D:3:      lemuel_blue_sif_altar, nicolae_gozag_seed_capital, uniq_iyjb,
          uniq_grinder, uniq_robin, uniq_natasha

Skill      XL: |  1  2  3  4 |
---------------+-------------+-----
Dodging        | 2 3 |  3.4
Short Blades   | 3 4 |  4.0
Stealth        | 6 |  6.2
Fighting       | |  2.0
Throwing       | |  2.0

Action                   |  1- 3 |  4- 6 || total
-------------------------+-------+-------++-------
Melee: Dagger            |    56 |    56 ||   112
       Constrict         |    13 |    11 ||    24
       Tentacles         |     7 |     6 ||    13
  Use: Potion            |       |     1 ||     1
 Stab: Sleeping          |    12 |     6 ||    18
  Eat: Chunk             |       |     4 ||     4
Armor: Skin              |     6 |     2 ||     8
Dodge: Dodged            |    17 |    27 ||    44
